 Dungeon Crawl Stone Soup version 0.21-a0-265-gb353147 (webtiles) character file.

13670 Jail the Fighter (level 12, -3/133 HPs)
             Began as an Ogre Gladiator on Sept 10, 2017.
             Was a High Priest of Okawaru.
             Slain by an Executioner (14 damage)
             ... on level 1 of the Abyss.
             The game lasted 00:50:55 (9778 turns).

Jail the Fighter (Ogre Gladiator)                   Turns: 9778, Time: 00:50:56

Health: -3/133     AC: 16    Str: 23    XL:     12   Next: 8%
Magic:  21/22      EV: 15    Int:  9    God:    Okawaru [*****.]
Gold:   658        SH:  0    Dex: 14    Spells: 11/11 levels left

rFire    . . .     SeeInvis .   s - +1 dire flail (protect)
rCold    . . .     Gourm    .   (shield currently unavailable)
rNeg     . . .     Faith    .   v - +0 swamp dragon scales
rPois    +         Spirit   .   c - +1 hat
rElec    .         Reflect  .   L - +2 cloak
rCorr    .         Harm     .   (gloves unavailable)
MR       ++...                  (boots unavailable)
Stlth    +++.......             h - amulet of regeneration
HPRegen  0.32/turn              n - ring of protection from magic
MPRegen  0.18/turn              V - ring of magical power

@: about to teleport, heroism
A: unfitting armour, camouflage 1, agile 1, tough skin 1
a: Heroism, Finesse, Renounce Religion


You were on level 1 of the Abyss.
You worshipped Okawaru.
Okawaru was extremely pleased with you.
You were not hungry.

You visited 3 branches of the dungeon, and saw 12 of its levels.
You visited the Abyss 1 time.

You collected 658 gold pieces.

Inventory:

Hand Weapons
 s - a +1 dire flail of protection (weapon)
 B - a +1 dire flail of draining
 G - a +0 flail of holy wrath
 J - a +0 giant spiked club
Missiles
 D - a tomahawk (quivered)
Armour
 b - a +2 pair of boots
 c - a +1 hat (worn)
 v - +0 swamp dragon scales (worn)
 L - a +2 cloak (worn)
Jewellery
 h - an amulet of regeneration (around neck)
 n - a ring of protection from magic (left hand)
 P - the amulet of Yngyaboena {Spirit Str+7}
   (You found it on level 8 of the Dungeon)

   [amulet of guardian spirit]

   It causes incoming damage to be split between your health and magic.
   It affects your strength (+7).
 V - a ring of magical power (right hand)
Wands
 d - a wand of polymorph (8/24)
 e - a wand of polymorph (16/24)
 o - a wand of flame (34/48)
 p - a wand of paralysis (14/24)
 N - a wand of polymorph (15/24)
 R - a wand of paralysis (9/24)
 X - a wand of polymorph (15/24)
Scrolls
 a - a scroll of noise
 g - 2 scrolls of identify
 i - 9 scrolls of remove curse
 j - 2 scrolls of enchant armour
 u - a scroll of immolation
 y - a scroll of teleportation
 F - 3 scrolls of fear
 H - 2 scrolls of enchant weapon
 I - a scroll of magic mapping
 O - 3 scrolls of recharging
Potions
 l - 2 potions of resistance
 q - 2 potions of magic
 r - 2 potions of brilliance
 x - 3 potions of curing
 C - 3 potions of might
Books
 t - a book of Changes

   Spells                             Type                      Level
   a - Beastly Appendage              Transmutation                1
   b - Sticks to Snakes               Transmutation                2
   c - Spider Form                    Transmutation/Poison         3
   d - Ice Form                       Ice/Transmutation            4
   e - Blade Hands                    Transmutation                5
Miscellaneous
 A - a lamp of fire
 Y - a crystal ball of energy
Comestibles
 f - 10 bread rations
 m - 16 fruits
 z - 3 meat rations
 U - 8 royal jellies


   Skills:
 * Level 12.6(17.6) Fighting
 * Level 10.2(15.2) Maces & Flails
 + Level 5.5(10.5) Throwing
 * Level 8.0(13.0) Armour
 - Level 6.0(11.0) Dodging
 + Level 2.4 Invocations


You had 11 spell levels left.
You didn't know any spells.

Dungeon Overview and Level Annotations

Branches:
Dungeon (10/15)            Temple (1/1) D:5            Lair (1/6) D:8
    Orc: D:9-12

Altars:
Ashenzari
Cheibriados
Dithmenos
Elyvilon
Fedhas
Gozag
Hepliaklqana
Kikubaaqudgha
Makhleb
Nemelex Xobeh
Okawaru
Qazlal
Ru
Sif Muna
Trog
Uskayaw
Vehumet
Wu Jian
Xom
Yredelemnul
Zin
The Shining One

Shops:
D:10 [

Annotations:
Lair:1 Sonja


Innate Abilities, Weirdness & Mutations

You are too large for most types of armour.
You have tough skin. (AC +1)
Your skin changes colour to match your surroundings (Stealth+).
You are agile. (Dex +2)


Message History

You barely miss the large abomination.
The large abomination is almost destroyed.
The large abomination closely misses you.
You puncture the large abomination!
You destroy the large abomination!
Okawaru is honoured by your kill.
Your Armour skill increases to level 8!
A large abomination comes into view.
Okay, then.
You gain the combat prowess of a mighty hero.
The large abomination hits you!!
* * * LOW HITPOINT WARNING * * *
The Executioner gives a hideous shriek!
The Executioner gestures.
The Executioner seems to speed up.
As you read the scroll of teleportation, it crumbles to dust.
You feel strangely unstable.
You feel the power of the Abyss delaying your translocation!
You fail to use your ability.
The Executioner hits you!
You die...

... .. . .
.... # . .. .
#.. #. # ..#
..##..##..##..
.......... ##
...#....####.#
# .
#.X#...##.# #.
.
#.1##.1@.?..#
#... #ยง
#.....##.# #
##....#.# .. #
######## #.


You could see an Executioner and a large abomination.

Vanquished Creatures
  Erica (Lair:1)
  A death knight (D:8)
  4 two-headed ogres
  A large abomination (Abyss:1)
  The ghost of MrFrosty176 the Bolt Thrower, a novice DsWn of Dithmenos (D:7)
  An ugly thing (D:8)
  A black mamba (Lair:1)
  Joseph (Lair:1)
  A troll (D:8)
  A queen bee (D:9)
  A hornet (D:9)
  2 wyverns
  3 yaks (D:7)
  Grum (D:9)
  Edmund (D:4)
  A spatial vortex (Abyss:1)
  3 water moccasins (Lair:1)
  A sky beast (D:8)
  A porcupine (Lair:1)
  5 ice beasts
  2 black bears
  A necrophage (D:8)
  5 ogres
  6 wolves
  5 centaurs
  Blork the orc (D:6)
  4 bullfrogs
  A small abomination (Abyss:1)
  2 water moccasin zombies
  2 wyvern skeletons (D:10)
  A hornet simulacrum (D:8)
  4 scorpions
  24 killer bees (D:9)
  4 wights (D:10)
  2 electric eels (D:8)
  A centaur zombie (D:6)
  2 crimson imps
  8 howler monkeys
  A bullfrog zombie (D:10)
  7 hounds
  3 jellies
  5 orc priests
  2 orc wizards
  Crazy Yiuf (D:6)
  3 iguanas
  A bullfrog skeleton (D:4)
  5 worker ants
  A centaur simulacrum (D:8)
  A hound skeleton (D:8)
  11 gnolls
  A howler monkey skeleton (D:9)
  13 adders
  3 river rats (D:5)
  3 white imps
  A worker ant simulacrum (D:8)
  An ufetubus (D:8)
  2 oozes
  An adder zombie (D:7)
  3 adder skeletons
  6 worms
  2 dart slugs
  8 leopard geckos
  30 orcs
  14 bats
  8 giant cockroaches
  2 goblins (D:2)
  6 hobgoblins
  14 jackals
  6 quokkas
  3 ball pythons
  5 frilled lizards
  6 kobolds
  2 quokka zombies
  10 rats
298 creatures vanquished.

Vanquished Creatures (others)
  An orc (D:9)
1 creature vanquished.

Grand Total: 299 creatures vanquished

Notes
Turn   | Place    | Note
-------+----------+-------------------------------------------
     0 | D:1      | Jail the Ogre Gladiator began the quest for the Orb.
     0 | D:1      | Reached XP level 1. HP: 22/22 MP: 1/1
    64 | D:1      | Reached XP level 2. HP: 26/29 MP: 2/2
   453 | D:1      | Reached XP level 3. HP: 36/36 MP: 3/3
   932 | D:2      | Reached XP level 4. HP: 44/44 MP: 4/4
  1987 | D:3      | Reached XP level 5. HP: 50/50 MP: 5/5
  1990 | D:3      | Reached skill level 5 in Maces & Flails
  2051 | D:3      | Found a faded altar of an unknown god.
  2129 | D:3      | Reached skill level 3 in Fighting
  2130 | D:3      | Reached skill level 1 in Armour
  2223 | D:3      | Noticed a centaur
  2247 | D:3      | Killed a centaur
  2247 | D:3      | Reached XP level 6. HP: 4/62 MP: 6/6
  2398 | D:3      | Found a sacrificial altar of Ru.
  2854 | D:4      | Noticed Edmund
  2926 | D:3      | Gained mutation: You are weak. (Str -2) [potion of mutation]
  2926 | D:3      | Gained mutation: You are partially covered in thin metallic scales. (AC +2) [potion of mutation]
  2971 | D:4      | Reached skill level 4 in Fighting
  3258 | D:4      | Reached XP level 7. HP: 71/71 MP: 7/7
  3346 | D:4      | Killed Edmund
  3346 | D:4      | Reached skill level 5 in Fighting
  4013 | D:5      | Entered Level 5 of the Dungeon
  4032 | D:5      | Reached XP level 8. HP: 83/83 MP: 8/8
  4095 | D:5      | Reached skill level 6 in Fighting
  4447 | D:5      | Found a staircase to the Ecumenical Temple.
  4474 | Temple   | Entered the Ecumenical Temple
  4732 | Temple   | Became a worshipper of Warmaster Okawaru
  4825 | D:5      | Found an iron altar of Okawaru.
  5298 | D:6      | Noticed Blork the orc
  5312 | D:6      | Killed Blork the orc
  5312 | D:6      | Reached skill level 7 in Fighting
  5382 | D:6      | Reached * piety under Okawaru
  5416 | D:6      | Found a runed door.
  5498 | D:6      | Noticed Crazy Yiuf
  5503 | D:6      | Killed Crazy Yiuf
  5669 | D:7      | Noticed MrFrosty176's ghost (novice DsWn)
  5682 | D:7      | Killed MrFrosty176's ghost
  5682 | D:7      | Reached ** piety under Okawaru
  5682 | D:7      | Reached skill level 5 in Dodging
  5682 | D:7      | Reached XP level 9. HP: 94/96 MP: 9/9
  5753 | D:7      | Reached skill level 8 in Fighting
  5879 | D:8      | Found a staircase to the Lair.
  6037 | D:7      | Reached skill level 5 in Armour
  6113 | D:8      | Reached skill level 9 in Fighting
  6120 | D:8      | Reached *** piety under Okawaru
  6188 | D:8      | Reached XP level 10. HP: 63/107 MP: 10/10
  6397 | D:8      | Noticed a two-headed ogre
  6410 | D:8      | Killed a two-headed ogre
  6525 | D:8      | Got a glittering bronze amulet
  6576 | D:8      | Reached skill level 10 in Fighting
  6658 | D:8      | You fall through a shaft for 2 floors!
  6658 | D:10     | Entered Level 10 of the Dungeon
  6708 | D:10     | Found Zuxtet's Armour Emporium.
  6804 | D:10     | Reached **** piety under Okawaru
  6844 | D:10     | Noticed a two-headed ogre
  6853 | D:10     | Killed a two-headed ogre
  6933 | D:10     | Noticed a two-headed ogre
  6941 | D:10     | Killed a two-headed ogre
  7133 | D:10     | Reached XP level 11. HP: 109/119 MP: 11/11
  7190 | D:10     | Reached skill level 11 in Fighting
  7447 | D:9      | Noticed Grum
  7480 | D:9      | Killed Grum
  7485 | D:9      | Lost mutation: You are weak. (Str -2) [potion of mutation]
  7485 | D:9      | Lost mutation: You are partially covered in thin metallic scales. (AC +2) [potion of mutation]
  7485 | D:9      | Gained mutation: Your skin changes colour to match your surroundings (Stealth+). [potion of mutation]
  7485 | D:9      | Gained mutation: You are agile. (Dex +2) [potion of mutation]
  7722 | D:9      | Reached ***** piety under Okawaru
  7925 | D:9      | Identified the amulet of Yngyaboena {Spirit Str+7} (You found it on level 8 of the Dungeon)
  8313 | D:8      | Noticed a two-headed ogre
  8322 | D:8      | Killed a two-headed ogre
  8322 | D:8      | Reached skill level 12 in Fighting
  8322 | D:8      | Reached skill level 5 in Throwing
  8351 | D:8      | Noticed a death knight
  8364 | D:8      | Killed a death knight
  8364 | D:8      | Received a gift from Okawaru
  8364 | D:8      | Reached skill level 1 in Invocations
  8668 | D:8      | Noticed a brown ugly thing
  8683 | D:8      | Killed a brown ugly thing
  8967 | Lair:1   | Entered Level 1 of the Lair of Beasts
  9084 | Lair:1   | Noticed Erica
  9092 | Lair:1   | Killed Erica
  9092 | Lair:1   | Reached skill level 10 in Maces & Flails
  9320 | Lair:1   | Noticed Joseph
  9324 | Lair:1   | Noticed Sonja
  9335 | Lair:1   | Killed Joseph
  9335 | Lair:1   | Received a gift from Okawaru
  9335 | Lair:1   | Reached XP level 12. HP: 124/133 MP: 13/13
  9338 | Lair:1   | Cast into level 1 of the Abyss (Sonja)
  9407 | Abyss:1  | Found a corrupted altar of Lugonu.
  9487 | Abyss:1  | Noticed a large abomination
  9598 | Abyss:1  | Noticed a starcursed mass
  9644 | Abyss:1  | Noticed a tentacled starspawn
  9756 | Abyss:1  | Noticed an Executioner
  9778 | Abyss:1  | Slain by an Executioner

Vault maps used:
D:1:      grunt_arrival_lava_bath, minmay_surrounded
D:2:      grunt_ministairs_5, minmay_tromino_i4
D:3:      lemuel_crystal_altar, first_bread, chequers_ecumenical_altar_island
D:4:      minmay_close_crescents, uniq_edmund
D:5:      wad_woods_settlement, minmay_temple_entry_overgrown,
          okawaru_metal_pillars_1_2
D:6:      kennysheep_generic_room_15, uniq_blork_the_orc,
          uniq_crazy_yiuf_cottage
D:8:      minmay_tri_box, lair_entry_dummy, serial_ice, serial_ice_f,
          serial_ice_n, serial_ice_i, serial_ice_b
D:9:      special_room, guppyfry_early_elven_hall, uniq_grum
D:10:     serial_shops, shop
Temple:   nicolae_temple_the_god_donut
Lair:1:   uniq_sonja, uniq_erica, uniq_joseph

Skill      XL: |  1  2  3  4  5  6  7  8  9 10 11 12 |
---------------+-------------------------------------+-----
Maces & Flails | 3 4 5 6 7 9 10 | 10.2
Fighting       | 3 4 5 7 9 10 12 | 12.6
Armour         | 1 2 4 5 6 7 8 |  8.0
Dodging        | 3 5 6 |  6.0
Throwing       | 4 5 |  5.5
Invocations    | 2 |  2.4

Action                   |  1- 3 |  4- 6 |  7- 9 | 10-12 || total
-------------------------+-------+-------+-------+-------++-------
Melee: Flail             |   146 |   252 |    74 |    44 ||   516
       Dire flail        |       |       |   269 |   472 ||   741
Throw: Throwing net      |       |       |     4 |     1 ||     5
       Tomahawk          |       |       |       |    24 ||    24
Invok: Heroism           |       |       |     3 |    12 ||    15
       Finesse           |       |       |       |     1 ||     1
  Use: Scroll            |       |    10 |     1 |     9 ||    20
       Potion            |       |     5 |     1 |    10 ||    16
 Stab: Held in net/web   |       |       |     1 |       ||     1
  Eat: Chunk             |       |     8 |    10 |    11 ||    29
       Royal jelly       |       |       |       |     1 ||     1
Armor: Robe              |    63 |    29 |       |       ||    92
       Swamp dragon scal |       |    88 |   183 |   275 ||   546
Dodge: Dodged            |   103 |   135 |   161 |   348 ||   747

Table legend:
 A = Spawn XP
 B = Non-spawn XP
 C = Spawn XP percentage of total XP
 D = Spawn monster count
 E = Non-spawn monster count
 F = Spawn count percentage of total count
 G = Total turns spent on level
                    A         B        C        D         E        F      G
               +---------+---------+-------+---------+---------+-------+---------
         Total |     987 |   18542 |   5.1 |       4 |     293 |   1.3 |  9778
               +---------+---------+-------+---------+---------+-------+---------
           D:1 |       0 |      67 |   0.0 |       0 |      36 |   0.0 |   823
           D:2 |       0 |      96 |   0.0 |       0 |      28 |   0.0 |  1162
           D:3 |       0 |     260 |   0.0 |       0 |      22 |   0.0 |   937
           D:4 |       0 |     763 |   0.0 |       0 |      37 |   0.0 |  1091
           D:5 |       0 |     792 |   0.0 |       0 |      29 |   0.0 |   816
           D:6 |       0 |     346 |   0.0 |       0 |      13 |   0.0 |   535
           D:7 |       0 |    2070 |   0.0 |       0 |      15 |   0.0 |   424
           D:8 |       0 |    4894 |   0.0 |       0 |      32 |   0.0 |  1218
           D:9 |       0 |    3722 |   0.0 |       0 |      52 |   0.0 |   877
          D:10 |       0 |    2958 |   0.0 |       0 |      20 |   0.0 |   779
        Lair:1 |       0 |    2574 |   0.0 |       0 |       9 |   0.0 |   371
       Abyss:1 |     987 |       0 | 100.0 |       4 |       0 | 100.0 |   440
               +---------+---------+-------+---------+---------+-------+---------
